[Event "Late-Titled-Tuesday-Blitz-September-05-2023"]
[Site "Chess.com"]
[Date "2023.09.05"]
[Round "2"]
[White "Ali_rastbod"]
[Black "Giantgoogachess"]
[Result "1-0"]
[WhiteElo "2710"]
[BlackElo "2375"]
[TimeControl "180+1"]
[EndTime "14:19:56 PDT"]
[Termination "Ali_rastbod won by resignation"]

1. Nf3 d5 2. e3 c5 3. b3 Nf6 4.
Bb2 a6 5. d4 cxd4 6. Nxd4 Nc6 7.
Nxc6 bxc6 8. c4 Bf5 9. Nc3 e6 10. Bd3 Bg6 11. O-O Bd6 12. Rc1 O-O 13. Bxg6 hxg6 14.
Na4 Qe7 15. h3 Ne4 16. Qd4 f6 17. cxd5 cxd5 18. Rc6 Be5 19. Qb6 Rfe8 20. Rfc1 Bxb2 21. Nxb2 Qa3 22. Nd3 Qxa2 23. R6c2 Qa3 24. f3 Ng5 25. h4 Rab8 26. Qd4 Rxb3 27. Nf4 Nf7 28. Nxg6 Rxe3 29. Qg4 Qd3 30. Nf4 Qf5 31. Qxf5 exf5 32.
Nxd5 R3e5 33. Nc7 Rc8 34. Nxa6 Rxc2 35. Rxc2 g6 36. Nc5 Kg7 37. Nd3 Rd5 38. Nf4 Rd1+ 39. Kf2 Rd6 40. Rc7 Ra6 41. Nd5 Rd6 42. Ne7 Re6 43. h5 gxh5 44. Nxf5+ Kg6 45. Nh4+ Kg7 46. Kg3 Re5 47. Kf4 Rg5 48. Nf5+ Kg6 49. Ne7+ Kg7 50. g3 Ra5 51. Nf5+ Kg6 52. Nh4+ Kg7 53. Ke3 Ra4 54. Nf5+ Kg6 55. Ne7+ Kg7 56. Nd5 Ra3+ 57. Kf2 Ra5 58. Nf4 Rf5 59. Ke3 Re5+ 60. Kf2 Rf5 61. Kg2 h4 62.
Ne6+ Kg6 63. g4 Ra5 64. Nf4+ Kg7 65. Kh3 f5 66. g5 Kg8 67. Kxh4 Ra4 68. Kg3 Nxg5 69.
Rc6 Nf7 70. Rf6 Ra5 71. Ne6 Re5 72. Kf4 Ra5 73. Rg6+ Kh8 74. Rg7 Ra6 75. Rxf7 Rxe6 76.
Kxf5 Re3 77. f4 Kg8 78. Rd7 Ra3 79. Rd6 Ra7 80. Kg6 Rg7+ 81. Kf5 Kf8 82. Rf6+ Ke7 83.
Re6+ Kf7 84. Ra6 Rg1 85. Ra7+ Kf8 86. Kf6 Re1 87. Ra8+ Re8 88. Rxe8+ Kxe8 89. Kg7 1-0

[Event "Late-Titled-Tuesday-Blitz-September-05-2023"]
[Site "Chess.com"]
[Date "2023.09.05"]
[Round "2"]
[White "FredddieCroderg"]
[Black "DvaHrasta"]
[Result "1/2-1/2"]
[WhiteElo "2305"]
[BlackElo "2493"]
[TimeControl "180+1"]
[EndTime "14:20:10 PDT"]
[Termination "Game drawn by stalemate"]

1. e4 c6 2. d3 d5 3. Nd2 g6 4.
g3 Bg7 5. Bg2 Nf6 6. f4 Bg4 7.
Ngf3 O-O 8. O-O a5 9. e5 Nfd7 10. h3 Bxf3 11. Nxf3 a4 12. a3 b5 13. d4 e6 14. c3 Nb6 15. g4 Nc4 16. f5 exf5 17.
gxf5 gxf5 18. Rf2 Na6 19. Bg5 f6 20. exf6 Bxf6 21. Bh6 Rf7 22. Qc1 Kh8 23. Qf4 Qd7 24. Ng5 Bxg5 25. Bxg5 Rg8 26. Raf1 Nd6 27. Qe5+ Rgg7 28.
Bf6 Nc7 29. Kh1 Nce8 30. Bxg7+ Nxg7 31. Rf4 Re7 32. Qf6 Rf7 33. Qh4 Qe7 34. Qf2 Qg5 35. Re1 h6 36. Re5 Nh5 37. Rf3 Ne4 38. Qe3 Qxe3 39.
Rxe3 Kg7 40. Re6 Rf6 41. Re7+ Rf7 42. Re8 Rf8 43. Rxf8 Kxf8 44. Kh2 Kf7 45. Re1 Kf6 46. Rf1 Kg5 47. Bf3 Nhf6 48. Kg2 Nd2 49. Rg1 Kf4 50. Be2 Nc4 51. Bxc4 bxc4 52. Kf2 Ne4+ 53. Ke2 Ng3+ 54. Kf2 Ne4+ 55. Ke2 Ng3+ 56. Kd2 Kf3 57. Re1 Ne4+ 58. Kd1 f4 59. Rg1 Ng3 60. Ke1 h5 61. h4 Ke3 62. Rg2 Kf3 63. Rg1 Kg4 64.
Kf2 Kxh4 65. Kf3 Kg5 66. Re1 h4 67. Re5+ Nf5 68. Re8 h3 69. Rg8+ Kf6 70. Rh8 Ne3 71.
Rxh3 Kf5 72. Rh6 Nd1 73. Rxc6 Nxb2 74. Rc5 Ke6 75. Rc6+ Kf5 76. Rd6 Nd3 77. Rxd5+ Ke6 78. Ra5 Kd6 79. Rxa4 Kc6 80. Ra5 Kb6 81. Rf5 Kc6 82.
Rxf4 Nc1 83. Rf5 Kb6 84. Rc5 Nb3 85. Rxc4 Nd2+ 86. Ke3 Nxc4+ 87. Kd3 Nxa3 88. c4 Nxc4 89. Kxc4 Kc6 90. Kc3 Kd5 91. Kd3 Kd6 92. Ke3 Kd5 93. Kd3 Kd6 94. Ke4 Ke6 95. d5+ Kd6 96. Kd4 Kd7 97. Kc4 Kd6 98. Kd4 Kd7 99. Kc5 Kc7 100. d6+ Kd7 101. Kd5 Kd8 102. Kc6 Kc8 103. d7+ Kd8 104. Kd6 1/2-1/2

[Event "Late-Titled-Tuesday-Blitz-September-05-2023"]
[Site "Chess.com"]
[Date "2023.09.05"]
[Round "2"]
[White "ChessSwole"]
[Black "realburq"]
[Result "1-0"]
[WhiteElo "2690"]
[BlackElo "2375"]
[TimeControl "180+1"]
[EndTime "14:20:25 PDT"]
[Termination "ChessSwole won by checkmate"]

1. e4 c5 2. Nf3 Nc6 3. d4 cxd4 4. Nxd4 g6 5. Nc3 Bg7 6. Be3 Nf6 7. Bc4 O-O 8. Bb3 d6 9. f3 Bd7 10. Qd2 Qa5 11. O-O-O Rfc8 12. Kb1 Ne5 13. Qe2 Rxc3 14. Bd2 Rac8 15. Bxc3 Rxc3 16. bxc3 Qxc3 17. f4 Nc6 18. Nxc6 Bxc6 19. Rd3 Nxe4 20. Rxc3 Nxc3+ 21. Kc1 Nxe2+ 22. Kd2 Nxf4 23. Rf1 Bh6 24. g3 Ne6+ 25. Kd1 Kg7 26.
c3 Be3 27. Ke2 Bc5 28. Kd2 b5 29. h4 b4 30. Kd3 bxc3 31. Kxc3 Bd4+ 32. Kd2 Bc5 33.
a4 a5 34. Rb1 Bb4+ 35. Kd3 Nc5+ 36. Kc4 Nxb3 37. Kxb3 e5 38. Kc4 d5+ 39. Kd3 e4+ 40. Kd4 Bxa4 41. Kxd5 Bc2 42. Rc1 Bd3 43. Kd4 Bd2 44. Rc7 Bb5 45. Kxe4 a4 46. Rc5 Bd7 47. Rc7 Be6 48. Ra7 Bc3 49. Rxa4 h5 50. Ra3 Be1 51. Kf3 Bg4+ 52. Kg2 Bb4 53. Ra4 Bd6 54. Rd4 Be5 55. Re4 Kf6 56. Ra4 Bf5 57. Ra6+ Be6 58. Kf3 Kf5 59.
Ra5 Bd7 60. Rc5 Ba4 61. Rc4 Bd1+ 62. Kg2 f6 63. Rb4 Be2 64. Rb2 Bc4 65. Rb4 Bd5+ 66. Kh3 g5 67. hxg5 fxg5 68. g4+ hxg4+ 69. Rxg4 Bg2+ 70.
Rxg2 Bf4 71. Rg1 Ke4 72. Kg4 Ke3 73. Re1+ Kf2 74. Re6 Be3 75. Ra6 Ke2 76. Ra2+ Kd3 77. Kf3 Bf4 78. Ra4 Kc3 79. Ra8 Kb4 80. Rc8 Kb5 81. Ke4 Kb6 82. Kd5 Kb7 83. Rg8 Bb8 84. Rxg5 Ka8 85. Kc6 Ba7 86. Rg7 Bb8 87. Kb6 Be5 88.
Ra7+ Kb8 89. Re7 Bd4+ 90. Kc6 Ka8 91. Re8+ Ka7 92. Rg8 Bf2 93. Rg7+ Ka8 94. Rg2 Be3 95. Ra2+ Kb8 96. Rb2+ Ka8 97. Rb7 Bd4 98. Rd7 Be3 99.
Kb5 Kb8 100. Ka6 Ka8 101. Rd8# 1-0

[Event "Late-Titled-Tuesday-Blitz-September-05-2023"]
[Site "Chess.com"]
[Date "2023.09.05"]
[Round "2"]
[White "Fore_Man"]
[Black "Langua_Chess"]
[Result "0-1"]
[WhiteElo "2274"]
[BlackElo "2486"]
[TimeControl "180+1"]
[EndTime "14:20:42 PDT"]
[Termination "Langua_Chess won by checkmate"]

1. Nf3 d5 2. d4 Nf6 3. c4 c6 4.
e3 Bf5 5. Nc3 e6 6. Bd3 Bxd3 7.
Qxd3 Bd6 8. b3 Nbd7 9. Bb2 dxc4 10. bxc4 e5 11. O-O O-O 12. Rab1 Re8 13. Ne4 Nxe4 14. Qxe4 exd4 15. Qxd4 Nf6 16. Rbd1 Be7 17. Qf4 Qa5 18. Qd4 Rad8 19. Qc3 Qxc3 20. Bxc3 Ne4 21. Bb2 Bb4 22. a3 Bc3 23. Bc1 f5 24. Nh4 g6 25. Nf3 Bf6 26. g3 Nc3 27. Rxd8 Rxd8 28. Kg2 b6 29. Bb2 Kf7 30. Rc1 Ne4 31. Rc2 c5 32. a4 Ke6 33. a5 bxa5 34. Bxf6 Kxf6 35. Ra2 Rd1 36. Rxa5 Rc1 37. Rxa7 Rxc4 38. Rxh7 Rc2 39. Nh4 Rxf2+ 40. Kg1 Rd2 41. Rh6 Rd1+ 42. Kg2 Rd2+ 43. Kg1 c4 44.
Rxg6+ Ke5 45. Rg8 c3 46. Re8+ Kf6 47. Rf8+ Ke6 48. Re8+ Kf7 49. Rc8 c2 50. Nxf5 Rd1+ 51. Kg2 c1=Q 52. Rxc1 Rxc1 53. Kf3 Nd2+ 54. Kg4 Nb3 55.
Nd6+ Ke6 56. Ne4 Rc4 57. Kf3 Ke5 58. Ng5 Nd2+ 59. Kg2 Ne4 60. Nf3+ Kf6 61. h4 Rc2+ 62. Kg1 Re2 63. Nh2 Kf5 64. g4+ Kf6 65. g5+ Kf5 66. Nf3 Rxe3 67. Nd4+ Kf4 68. Ne6+ Kf3 69. g6 Kg4 70. g7 Rg3+ 71. Kf1 Kxh4 72. Ke2 Nf6 73. Kf2 Rg4 74. Kf3 Rg6 75. Kf4 Nh5+ 76. Kf5 Rg2 77. Ke5 Rg1 78. Kd6 Nxg7 79. Nf4 Rg4 80. Nd5 Nf5+ 81.
Ke5 Ng3 82. Nf6 Rg5+ 83. Ke6 Ne2 84. Ne8 Nf4+ 85. Kf7 Kg4 86. Nf6+ Kf5 87. Ne8 Rg1 88. Ng7+ Ke5 89. Ne8 Nd5 90. Ng7 Rf1+ 91. Kg6 Rg1+ 92. Kf7 Ra1 93. Kg6 Ra7 94. Nh5 Nf4+ 95. Kg5 Nxh5 96. Kxh5 Kf5 97. Kh4 Rg7 98. Kh3 Kf4 99.
Kh2 Kf3 100. Kh1 Kf2 101. Kh2 Rh7# 0-1

[Event "Late-Titled-Tuesday-Blitz-September-05-2023"]
[Site "Chess.com"]
[Date "2023.09.05"]
[Round "2"]
[White "ckgchess"]
[Black "ArmanGhevondyanchess"]
[Result "1-0"]
[WhiteElo "2845"]
[BlackElo "2533"]
[TimeControl "180+1"]
[EndTime "14:21:19 PDT"]
[Termination "ckgchess won by resignation"]

1. e4 c5 2. c3 d5 3. exd5 Qxd5 4. d4 Nf6 5. Nf3 Bg4 6. Be2 e6 7. h3 Bh5 8. O-O Be7 9. Be3 cxd4 10. cxd4 O-O 11.
Nc3 Qa5 12. Qb3 Nbd7 13. Rfd1 Nb6 14. a3 Rfd8 15. Rac1 Nfd5 16. Bd2 Nxc3 17. Rxc3 Qd5 18. Qc2 Bg6 19. Qc1 Rac8 20. Bf4 Rxc3 21. bxc3 Rc8 22. Ne5 Bf6 23. c4 Qa5 24. Nxg6 hxg6 25. c5 Nd5 26. Bf3 b6 27. Bxd5 exd5 28. c6 Qb5 29. c7 Qd7 30. Qc3 Be7 31. Qg3 g5 32. Bxg5 Bxg5 33. Qxg5 Rxc7 34. Re1 Qc6 35. Qd8+ Kh7 36.
Qh4+ Qh6 37. Qg3 Rc6 38. Kh2 Rf6 39. Re5 Qf4 40. Rxd5 Qxg3+ 41. Kxg3 a5 42. f4 Rc6 43. Rb5 Rc4 44. d5 Rc3+ 45. Kg4 Rxa3 46. Rxb6 Rd3 47.
d6 a4 48. Kf5 a3 49. Ra6 a2 50. Ke5 Rd2 51. g4 g6 52. h4 Kg7 53. g5 Kh7 54. Ra7 Kg7 55. Ra4 Kh7 56. Ra3 Kg7 57. Ra7 Kg8 58. f5 gxf5 59. Kxf5 Kg7 60. Ke5 Kg6 61. Ra6 Kh5 62. Ra4 Kg6 63. Ra3 Kh5 64. Ra4 Kg6 65. d7 Rxd7 66. Rxa2 Kh5 67. Ra4 Rb7 68.
Kf6 Rb6+ 69. Kxf7 Rb7+ 70. Kf6 Rb6+ 71. Kf5 Rb5+ 72. Ke6 Rb6+ 73. Kd7 Rb7+ 74. Kc6 Re7 75. Rf4 Re1 76. Kd5 Re2 77. Kd4 Re1 78. Kd3 Re7 79. Re4 Rd7+ 80. Ke3 Ra7 81. Kf3 Rf7+ 82. Rf4 Ra7 83.
Kg3 Ra3+ 84. Kg2 Ra2+ 85. Kg3 Ra3+ 86. Kf2 Ra2+ 87. Ke3 Ra3+ 88. Kd2 Ra2+ 89. Kc3 Ra3+ 90. Kb4 Rd3 91. Kc5 Rd1 92. Re4 Rd8 93. Kc6 Rd2 94. Kb5 Rd1 95. Kc5 Rd2 96. Rd4 Ra2 97.
Kd5 Ra5+ 98. Ke6 Ra6+ 99. Ke5 Ra5+ 100. Kd6 Ra6+ 101. Kc5 Ra5+ 102. Kb4 Ra1 103. Re4 Rc1 104. Kb5 Rc8 105. Rc4 Rb8+ 106. Kc5 Rc8+ 107. Kd5 Rd8+ 108. Ke6 Ra8 109. Rf4 Re8+ 110. Kf7 Rb8 111. Kg7 Rb4 112. Rf6 Rb7+ 113. Rf7 Rb6 114. Kh7 Ra6 115. g6 Rb6 116. g7 Rh6+ 117. Kg8 Kg6 118. Kf8 Rh8+ 119. g8=Q+ Rxg8+ 120. Kxg8 1-0

[Event "Late-Titled-Tuesday-Blitz-September-05-2023"]
[Site "Chess.com"]
[Date "2023.09.05"]
[Round "3"]
[White "ArmanGhevondyanchess"]
[Black "Good_Knight_Kiss"]
[Result "1/2-1/2"]
[WhiteElo "2527"]
[BlackElo "2345"]
[TimeControl "180+1"]
[EndTime "14:23:30 PDT"]
[Termination "Game drawn by repetition"]

1. Nf3 Nf6 2. d4 g6 3. g3 Bg7 4. Bg2 d6 5. O-O O-O 6. b3 e5 7. dxe5 Ng4 8. Bb2 Nc6 9. c4 dxe5 10. Nc3 e4 11. Ne1 e3 12. f3 Nf2 13. Qc1 Nh3+ 14.
Kh1 Nf2+ 15. Kg1 Nh3+ 16. Kh1 Nf2+ 17. Kg1 1/2-1/2

[Event "Late-Titled-Tuesday-Blitz-September-05-2023"]
[Site "Chess.com"]
[Date "2023.09.05"]
[Round "3"]
[White "szachmistrz2500"]
[Black "Fore_Man"]
[Result "1-0"]
[WhiteElo "2466"]
[BlackElo "2269"]
[TimeControl "180+1"]
[EndTime "14:23:36 PDT"]
[Termination "szachmistrz2500 won by checkmate"]

1. Nf3 f5 2. g3 e6 3. Bg2 d5 4. O-O c6 5. d3 Nf6 6. c4 Bd6 7. Nc3 Nbd7 8. e4 fxe4 9. dxe4 Nxe4 10. Nxe4 dxe4 11. Qxd6 exf3 12. Qxe6+ Qe7 13. Qxe7+ Kxe7 14. Re1+ Kf8 15. Bxf3 Nb6 16. b3 Bf5 17. Ba3+ Kf7 18.
Re7+ Kf6 19. Rae1 Rab8 20. Bb2+ Kg6 21. Rxg7+ Kh6 22. Ree7 a5 23. Bc1# 1-0

[Event "Late-Titled-Tuesday-Blitz-September-05-2023"]
[Site "Chess.com"]
[Date "2023.09.05"]
[Round "3"]
[White "Roedor"]
[Black "wadsy27"]
[Result "0-1"]
[WhiteElo "2423"]
[BlackElo "2602"]
[TimeControl "180+1"]
[EndTime "14:23:48 PDT"]
[Termination "wadsy27 won by resignation"]

1. d4 Nf6 2. c4 c5 3. d5 e6 4. Nc3 exd5 5. cxd5 d6 6. h3 g6 7. e4 Bg7 8. Bd3 O-O 9. Bg5 h6 10.
Be3 a6 11. a4 Re8 12. Nf3 c4 13. Bc2 Nbd7 14. O-O Rb8 15. Re1 b5 16. axb5 axb5 17.
Nd4 Bb7 18. Nc6 Bxc6 19. dxc6 Ne5 20. Ra7 Nxc6 21. Ra6 Qc7 22. Nd5 Nxd5 23. Qxd5 Nb4 24. Qxd6 Qxd6 25. Rxd6 Nxc2 0-1

[Event "Late-Titled-Tuesday-Blitz-September-05-2023"]
[Site "Chess.com"]
[Date "2023.09.05"]
[Round "3"]
[White "GarayevKanan"]
[Black "Dontmesswithme_2"]
[Result "1-0"]
[WhiteElo "2710"]
[BlackElo "2483"]
[TimeControl "180+1"]
[EndTime "14:24:04 PDT"]
[Termination "GarayevKanan won by resignation"]

1. e4 c5 2. Nf3 d6 3. Bb5+ Nd7 4. O-O Nf6 5. Re1 a6 6. Bf1 b6 7. d4 cxd4 8. Nxd4 Bb7 9. Nc3 e6 10. g3 b5 11. a3 Be7 12. Bg2 O-O 13. e5 Nd5 14.
Nxd5 Bxd5 15. Bxd5 exd5 16. Nc6 Qe8 17. exd6 1-0

[Event "Late-Titled-Tuesday-Blitz-September-05-2023"]
[Site "Chess.com"]
[Date "2023.09.05"]
[Round "3"]
[White "ShiroglanTalibov"]
[Black "Firouzja2003"]
[Result "0-1"]
[WhiteElo "2780"]
[BlackElo "3119"]
[TimeControl "180+1"]
[EndTime "14:24:20 PDT"]
[Termination "Firouzja2003 won by resignation"]

1. e4 c5 2. Nf3 d6 3. d4 cxd4 4. Nxd4 Nf6 5. Nc3 a6 6. Be2 e5 7. Nb3 Be7 8. g4 h6 9. h4 Be6 10. Be3 Nbd7 11. Rg1 g6 12. Qd2 b5 13. g5 hxg5 14.
hxg5 b4 15. gxf6 bxc3 16. Qxc3 Nxf6 17. O-O-O Rc8 18. Qa5 Rxc2+ 0-1

[Event "Late-Titled-Tuesday-Blitz-September-05-2023"]
[Site "Chess.com"]
[Date "2023.09.05"]
[Round "3"]
[White "DeTimmerman"]
[Black "vugarrasulov"]
[Result "0-1"]
[WhiteElo "2670"]
[BlackElo "2969"]
[TimeControl "180+1"]
[EndTime "14:24:27 PDT"]
[Termination "vugarrasulov won by resignation"]

1. b4 Nf6 2. Bb2 g6 3. b5 Bg7 4.
c4 O-O 5. a4 d6 6. e3 e5 7. Nf3 e4 8. Nd4 c5 9. Nc2 Nbd7 10.
Be2 Re8 11. O-O Ne5 12. d4 exd3 13. Bxd3 Nxd3 14. Qxd3 Bf5 15. Qd1 d5 16. Nba3 dxc4 17. Nxc4 Qxd1 18. Rfxd1 Bxc2 19. Rdc1 Bd3 20. Nd6 Ne4 0-1

[Event "Late-Titled-Tuesday-Blitz-September-05-2023"]
[Site "Chess.com"]
[Date "2023.09.05"]
[Round "3"]
[White "wanyaland"]
[Black "delqate"]
[Result "1-0"]
[WhiteElo "2234"]
[BlackElo "2364"]
[TimeControl "180+1"]
[EndTime "14:24:54 PDT"]
[Termination "wanyaland won by resignation"]

1. d4 Nf6 2. c4 e6 3. g3 d5 4. Bg2 Be7 5. Nf3 O-O 6. O-O c6 7. Qc2 Nbd7 8. Nbd2 a6 9. e4 dxe4 10. Nxe4 Nxe4 11. Qxe4 Nf6 12. Qe2 Qb6 13. Rd1 Rd8 14.
h3 a5 15. Be3 Qa6 16. b3 a4 17. Ne5 Bd6 18. Rac1 axb3 19. axb3 Qa2 20. Qxa2 Rxa2 21. f4 Nd7 22. Ra1 Rb2 23. Ra8 Bxe5 24. dxe5 Rxb3 25. Rxd7 Rf8 26. Bc5 Rb1+ 27. Kh2 Re8 28. Rc7 1-0

[Event "Late-Titled-Tuesday-Blitz-September-05-2023"]
[Site "Chess.com"]
[Date "2023.09.05"]
[Round "3"]
[White "KVAIDAN"]
[Black "MusicCityMaster"]
[Result "0-1"]
[WhiteElo "2232"]
[BlackElo "2450"]
[TimeControl "180+1"]
[EndTime "14:25:01 PDT"]
[Termination "MusicCityMaster won by resignation"]

1. f4 d5 2. Nf3 g6 3. e3 Bg7 4.
Be2 c6 5. O-O Nh6 6. d3 Nf5 7.
c3 Qb6 8. d4 Nd7 9. Nbd2 Nxe3 10. Qe1 Nxf1 11. Qxf1 Nf6 12. Kh1 Bf5 13. Ne5 Ne4 14.
Ndf3 f6 15. Nd3 O-O-O 16. a4 h5 17. a5 Qc7 18. Nc5 h4 19. h3 Ng3+ 20. Kg1 Nxf1 21. Kxf1 e5 22. fxe5 fxe5 23. dxe5 Bxe5 24. Bg5 Rde8 25.
b4 Rhf8 26. Rc1 Bg3 27. Nd4 Bd3+ 28. Kg1 Bf2+ 0-1

[Event "Late-Titled-Tuesday-Blitz-September-05-2023"]
[Site "Chess.com"]
[Date "2023.09.05"]
[Round "3"]
[White "maurovargas01"]
[Black "ybothg"]
[Result "0-1"]
[WhiteElo "1865"]
[BlackElo "2507"]
[TimeControl "180+1"]
[EndTime "14:25:04 PDT"]
[Termination "ybothg won by resignation"]

1. e4 c5 2. Nc3 Nc6 3. f4 e6 4. Nf3 Nf6 5. Bb5 Nd4 6. Bf1 a6 7.
d3 d5 8. e5 Nd7 9. Ne2 Nxf3+ 10. gxf3 f6 11. exf6 Qxf6 12. Ng3 Bd6 13. Ne2 Qh4+ 14.
Ng3 Bxf4 15. Kf2 Bxg3+ 0-1

[Event "Late-Titled-Tuesday-Blitz-September-05-2023"]
[Site "Chess.com"]
[Date "2023.09.05"]
[Round "3"]
[White "karpovian123"]
[Black "Amirreza_p"]
[Result "0-1"]
[WhiteElo "2403"]
[BlackElo "2579"]
[TimeControl "180+1"]
[EndTime "14:25:14 PDT"]
[Termination "Amirreza_p won by resignation"]

1. d4 d5 2. c4 e6 3. Nf3 Nf6 4. g3 g6 5. Bg2 Bg7 6. O-O O-O 7. Nc3 b6 8. Ne5 Bb7 9. Qa4 Ne4 10. Nxe4 dxe4 11. Be3 f6 12. Nd3 Bc6 13. Qb3 exd3 14. Qxd3 Bxg2 15. Kxg2 f5 16. Rfd1 c6 17. Rac1 Nd7 18.
Bf4 Qe7 19. d5 Nc5 20. Qa3 exd5 21. cxd5 cxd5 22. Rxd5 Qe4+ 23. Qf3 Qxf3+ 24. Kxf3 Bxb2 25. Rc2 Bg7 26. Bd6 Rfd8 0-1

[Event "Late-Titled-Tuesday-Blitz-September-05-2023"]
[Site "Chess.com"]
[Date "2023.09.05"]
[Round "3"]
[White "Msb2"]
[Black "Chessbard1972"]
[Result "1-0"]
[WhiteElo "3077"]
[BlackElo "2505"]
[TimeControl "180+1"]
[EndTime "14:25:26 PDT"]
[Termination "Msb2 won by checkmate"]

1. d4 d5 2. c4 e6 3. Nc3 c5 4. cxd5 exd5 5. Nf3 Nc6 6. dxc5 d4 7. Na4 Bxc5 8.
Nxc5 Qa5+ 9. Bd2 Qxc5 10. b4 Qb6 11. a4 a6 12. b5 Nce7 13. a5 Qd8 14. Bb4 Nf6 15.
Qxd4 Be6 16. e3 Ned5 17. Bc5 Qd7 18. Be2 h6 19. O-O Rc8 20. Rac1 axb5 21. Ne5 Qd8 22.
Bxb5+ Nd7 23. Bxd7+ Bxd7 24. Qxd5 Be6 25. Qxd8+ Rxd8 26. Bb6 Ra8 27. Rc7 f6 28. Ng6 Rg8 29. Re7# 1-0

[Event "Late-Titled-Tuesday-Blitz-September-05-2023"]
[Site "Chess.com"]
[Date "2023.09.05"]
[Round "3"]
[White "sterpfi"]
[Black "chessisveryfun1264"]
[Result "0-1"]
[WhiteElo "2151"]
[BlackElo "2509"]
[TimeControl "180+1"]
[EndTime "14:25:30 PDT"]
[Termination "chessisveryfun1264 won by resignation"]

1. e4 e6 2. d4 d5 3. exd5 exd5 4.
Nf3 Nc6 5. Bb5 Bg4 6. O-O Bd6 7. c4 dxc4 8. d5 a6 9. Ba4 b5 10. dxc6 bxa4 11. Nbd2 Ne7 12. Nxc4 Bc5 13. Qxd8+ Rxd8 14. Nfe5 Be6 15. Be3 Bxe3 16. Nxe3 f6 17. Nd3 Rxd3 18.
Rfe1 Kf7 19. Rac1 Rhd8 20. f4 Bxa2 21. Nc4 Bxc4 22. Rxc4 Rd1 23. Kf1 Rxe1+ 24. Kxe1 Rd6 25. Rxa4 Rxc6 0-1

[Event "Late-Titled-Tuesday-Blitz-September-05-2023"]
[Site "Chess.com"]
[Date "2023.09.05"]
[Round "3"]
[White "larsmandreassen"]
[Black "ural58"]
[Result "0-1"]
[WhiteElo "2215"]
[BlackElo "2514"]
[TimeControl "180+1"]
[EndTime "14:25:34 PDT"]
[Termination "ural58 won by resignation"]

1. d4 d5 2. Nf3 Nc6 3. c4 e5 4. dxe5 d4 5. a3 g6 6. Bg5 Qd7 7. g3 h6 8. Bc1 Bg7 9. h4 Nxe5 10.
Nxe5 Bxe5 11. Bh3 Qc6 12. f3 Bxg3+ 13. Kf1 Bxh3+ 14. Rxh3 Be5 15. f4 Bg7 16. Qd3 O-O-O 17. Nd2 Nf6 18. b4 Rhe8 19. b5 Qe6 20. Bb2 Ne4 21.
Nf3 Nc5 22. f5 Nxd3 23. fxe6 Nxb2 24. exf7 Rf8 25. Rb1 Nxc4 0-1

[Event "Late-Titled-Tuesday-Blitz-September-05-2023"]
[Site "Chess.com"]
[Date "2023.09.05"]
[Round "3"]
[White "koncheto"]
[Black "Sajkochess"]
[Result "1-0"]
[WhiteElo "2564"]
[BlackElo "2389"]
[TimeControl "180+1"]
[EndTime "14:25:37 PDT"]
[Termination "koncheto won by checkmate"]

1. e4 c6 2. d4 d5 3. Nc3 dxe4 4. Nxe4 Bf5 5. Ng3 Bg6 6. Nf3 Nd7 7. h4 h6 8. h5 Bh7 9. Bd3 Bxd3 10. Qxd3 e6 11. Bd2 Ngf6 12. O-O-O Be7 13. Qe2 c5 14. Kb1 Qb6 15. Bc3 O-O 16. d5 Nxd5 17. Rxd5 exd5 18. Qxe7 d4 19. Bxd4 cxd4 20. Qxd7 Rfd8 21. Qf5 d3 22. cxd3 Qxf2 23. Ne4 Qe2 24. Ne5 f6 25. Nxf6+ gxf6 26. Qg6+ Kh8 27. Nf7# 1-0

[Event "Late-Titled-Tuesday-Blitz-September-05-2023"]
[Site "Chess.com"]
[Date "2023.09.05"]
[Round "3"]
[White "Hikaru"]
[Black "NovakCabarkapa"]
[Result "1-0"]
[WhiteElo "3248"]
[BlackElo "2805"]
[TimeControl "180+1"]
[EndTime "14:25:38 PDT"]
[Termination "Hikaru won by resignation"]

1. a3 g6 2. c4 Bg7 3. Nc3 e5 4. g3 d6 5. Bg2 Nh6 6. d3 O-O 7. h4 c6 8. h5 g5 9. Nf3 f6 10. b4 Nf7 11. b5 h6 12. Rb1 f5 13.
bxc6 bxc6 14. Bb2 Be6 15. Nd2 d5 16. cxd5 cxd5 17. Qb3 Nc6 18. Nxd5 Rb8 19. Qc4 Qd6 20. Qxc6 1-0

[Event "Late-Titled-Tuesday-Blitz-September-05-2023"]
[Site "Chess.com"]
[Date "2023.09.05"]
[Round "3"]
[White "Machteld145"]
[Black "drinbet"]
[Result "0-1"]
[WhiteElo "2501"]
[BlackElo "2265"]
[TimeControl "180+1"]
[EndTime "14:25:39 PDT"]
[Termination "drinbet won by resignation"]

1. e4 c5 2. Nf3 e6 3. d4 cxd4 4.
Nxd4 Ne7 5. Nc3 Nbc6 6. Be3 Nxd4 7. Bxd4 Nc6 8. Be3 a6 9. a4 Bb4 10. Be2 O-O 11. O-O Qa5 12. Qd2 d5 13. exd5 exd5 14. Rfd1 Be6 15. Bf3 Rfd8 16. Bd4 Rac8 17. Qe3 Nxd4 18.
Qxd4 Bxc3 19. bxc3 Qxc3 20. Qb6 Qxc2 21. Qxb7 Qc6 22.
Qb3 g6 23. g3 Qc3 24. Qb6 Qxf3 25. Qxa6 Bh3 0-1

[Event "Late-Titled-Tuesday-Blitz-September-05-2023"]
[Site "Chess.com"]
[Date "2023.09.05"]
[Round "3"]
[White "Colombiano07"]
[Black "Francisco_Ferrari"]
[Result "0-1"]
[WhiteElo "2424"]
[BlackElo "2139"]
[TimeControl "180+1"]
[EndTime "14:25:40 PDT"]
[Termination "Francisco_Ferrari won by checkmate"]

1. d4 d5 2. c4 dxc4 3. e3 e5 4. Bxc4 exd4 5. exd4 Bd6 6. Nf3 Nf6 7. O-O O-O 8. h3 h6 9. Nc3 Nc6 10. a3 Bf5 11.
Be3 Re8 12. Re1 a6 13. Qb3 Qd7 14. Qa2 b5 15. Bb3 Na5 16. Rad1 Nxb3 17. Qxb3 Bxh3 18. gxh3 Qxh3 19. Ne5 Bxe5 20. dxe5 Rxe5 21. Ne2 Ng4 22. Nf4 Qh2+ 23. Kf1 Rxe3 24. Rxe3 Qxf2# 0-1

[Event "Late-Titled-Tuesday-Blitz-September-05-2023"]
[Site "Chess.com"]
[Date "2023.09.05"]
[Round "3"]
[White "realburq"]
[Black "KejJaj"]
[Result "1-0"]
[WhiteElo "2379"]
[BlackElo "2193"]
[TimeControl "180+1"]
[EndTime "14:25:42 PDT"]
[Termination "realburq won by checkmate"]

1. d4 f5 2. Nc3 Nf6 3. e4 fxe4 4. f3 d5 5. fxe4 dxe4 6. Bc4 Bg4 7. Nge2 Nc6 8. O-O e6 9. h3 Bxe2 10. Nxe2 Qd7 11. Nf4 Qxd4+ 12. Qxd4 Nxd4 13. c3 Nc6 14. Nxe6 Rc8 15. Bg5 Nd7 16. Rad1 Nce5 17. Rxf8+ Nxf8 18. Nxg7# 1-0

[Event "Late-Titled-Tuesday-Blitz-September-05-2023"]
[Site "Chess.com"]
[Date "2023.09.05"]
[Round "3"]
[White "Jaka_Brilej"]
[Black "acertijo08"]
[Result "0-1"]
[WhiteElo "2465"]
[BlackElo "2298"]
[TimeControl "180+1"]
[EndTime "14:25:44 PDT"]
[Termination "acertijo08 won by resignation"]

1. e4 e5 2. Nf3 Nc6 3. Bc4 Bc5 4.
c3 Nf6 5. d3 O-O 6. O-O d6 7.
Nbd2 a6 8. Bb3 Ba7 9. Re1 Ne7 10.
Nf1 h6 11. h3 Ng6 12. Bc2 Re8 13. g4 d5 14. exd5 Nxd5 15. Ng3 Ndf4 16. d4 exd4 17. Rxe8+ Qxe8 18. Nxd4 Nxh3+ 19. Kh2 Nhf4 20. Bxf4 Nxf4 21. Qf3 Bxd4 22. cxd4 Ng6 23. Nf5 Qd8 24. Re1 Bxf5 25. Bxf5 Qh4+ 26. Kg2 c6 27. d5 cxd5 28. Qxd5 Nf4+ 29.
Kf3 Nxd5 0-1

[Event "Late-Titled-Tuesday-Blitz-September-05-2023"]
[Site "Chess.com"]
[Date "2023.09.05"]
[Round "3"]
[White "Jenia84"]
[Black "Hilary46"]
[Result "0-1"]
[WhiteElo "2335"]
[BlackElo "2578"]
[TimeControl "180+1"]
[EndTime "14:26:08 PDT"]
[Termination "Hilary46 won by resignation"]

1. e4 e5 2. Nf3 Nc6 3. Bb5 a6 4. Ba4 Nf6 5. O-O Nxe4 6. Re1 Nc5 7. Bxc6 dxc6 8. d4 Ne6 9. Nxe5 Be7 10. c3 O-O 11.
Nd2 c5 12. Ndf3 cxd4 13. cxd4 Qd5 14. Bd2 b6 15. b3 Bb7 16. Rc1 Nxd4 17. Rxc7 Bd6 18.
Rd7 Nxf3+ 19. gxf3 Bc8 20. Rxd6 Qxd6 21. Bc3 Qxd1 22. Rxd1 Be6 23. f4 Rfd8 24. Rxd8+ Rxd8 25. Bb4 a5 0-1

[Event "Late-Titled-Tuesday-Blitz-September-05-2023"]
[Site "Chess.com"]
[Date "2023.09.05"]
[Round "3"]
[White "FaustinoOro"]
[Black "KrokerGuy"]
[Result "1-0"]
[WhiteElo "2866"]
[BlackElo "2497"]
[TimeControl "180+1"]
[EndTime "14:26:10 PDT"]
[Termination "FaustinoOro won by resignation"]

1. Nf3 Nf6 2. b3 e6 3. Bb2 d5 4. e3 c5 5. Be2 Nc6 6. O-O Be7 7. d4 O-O 8. c4 b6 9. a3 cxd4 10. Nxd4 Nxd4 11. Bxd4 Bb7 12. Bf3 Qc7 13. Nd2 dxc4 14. Nxc4 Rfd8 15. Qe2 Bd5 16. Bxd5 Nxd5 17. Rac1 Qb7 18.
Qf3 Rab8 19. Rfd1 Qa6 20. Ne5 Rbc8 21. Qxf7+ Kh8 22. Ng6+ 1-0